 Dungeon Crawl Stone Soup version 0.30-a0-385-gfebfb9b408 (webtiles) character file.

Game seed: 5609474805878710630

2 tio the Grave Robber (level 1, -2/13 HPs)
             Began as a Demonspawn Necromancer on Dec 2, 2022.
             Slain by a gnoll
             ... wielding a +0 spear
              (6 damage)
             ... on level 1 of the Dungeon.
             The game lasted 00:00:45 (52 turns).

tio the Grave Robber (Demonspawn Necromancer)         Turns: 52, Time: 00:00:49

Health: -2/13      AC:  2    Str:  8    XL:     1   Next: 33%
Magic:  1/3        EV:  9    Int: 16    God:
Gold:   0          SH:  5    Dex: 13    Spells: 3/4 levels left

rFire   . . .      SeeInvis .    e - +0 mace
rCold   . . .      Faith    .    (no shield)
rNeg    . . .      Spirit   .    a - +0 robe
rPois   .          Reflect  +    (no helmet)
rElec   .          Harm     .    (no cloak)
rCorr   .          Rampage  .    (no gloves)
Will    .....                    (no boots)
Stlth   ++........               d - amulet of reflection
HPRegen 0.22/turn                (no ring)
MPRegen 0.08/turn                (no ring)

@: constricted
A: no striking features
a: no special abilities


You were on level 1 of the Dungeon.
You visited 1 branch of the dungeon, and saw 1 of its levels.

Inventory:

Hand Weapons
 e - a +0 mace (weapon)
Armour
 a - a +0 robe (worn)
Jewellery
 d - an amulet of reflection (around neck)
Potions
 b - a potion of magic
 c - a potion of curing {unknown}


   Skills:
 + Level 1.7 Dodging
 + Level 1.7 Stealth
 + Level 2.0 Spellcasting
 + Level 4.5 Necromancy


You had 3 spell levels left.
You knew the following spells:

 Your Spells              Type           Power      Damage    Failure   Level
a - Necrotise             Necr           64%        1d7       3%          1

Your spell library contained the following spells:

 Spells                   Type           Power      Damage    Failure   Level
 Vampiric Draining        Necr           16%        2d7       10%         3
 Animate Dead             Necr           16%        N/A       32%         4
 Agony                    Necr           16%        N/A       65%         5


Dungeon Overview and Level Annotations

Branches:
Dungeon (1/15)

Altars:


Message History

You kill the hobgoblin!
The dead are walking!
A stone appears from out of your range of vision.
The stone hits your hobgoblin skeleton.
You are out of magic!
A stone appears from out of your range of vision.
The stone hits your hobgoblin skeleton.
Your hobgoblin skeleton barely misses the ball python.
Found a stone staircase leading down.
The stone hits your hobgoblin skeleton.
The gnoll hits your hobgoblin skeleton with a +0 spear!
Your hobgoblin skeleton is destroyed!
The stone barely misses your hobgoblin skeleton.
A stone appears from out of your range of vision.
Found 4 gold pieces.
You see here a +0 mace.
e - a +0 mace The ball python barely misses you.
You block the ball python's attack.
e - a +0 mace (weapon)
You hit the ball python.
The ball python is severely wounded.
You block the ball python's attack. x2; The ball python closely misses you.
You block the ball python's attack.
You closely miss the ball python.
The ball python is severely wounded.
You block the ball python's attack. The ball python grabs you.
The ball python constricts you. The ball python bites you.
The ball python constricts you.
You barely miss the ball python.
The ball python is heavily wounded.
The ball python closely misses you. The ball python constricts you.
The gnoll hits you from afar with a +0 spear.
A kobold comes into view. It is wielding a +0 whip.
You barely miss the ball python.
The ball python is heavily wounded.
The kobold shouts!
The ball python closely misses you. The ball python constricts you.
The gnoll hits you but does no damage. The ball python closely misses you.
The ball python constricts you.
The gnoll hits you from afar with a +0 spear.
You die...

... #.# ... #.# ...
.... #.# .....
...###.#####......
..........>......
#...............
#..............
#.@S.........#
#............#
#...g........# ##
#......K.....# ..
#............## ...
...............##...
$..............Z.....
.........##'#........
.....###+##.#........


You could see a gnoll, a ball python and a kobold.

Vanquished Creatures
  2 hobgoblins (D:1)
2 creatures vanquished.

Notes
Turn   | Place    | Note
-------+----------+-------------------------------------------
     0 | D:1      | tio the Demonspawn Necromancer began the quest for the Orb.
     0 | D:1      | Reached XP level 1. HP: 13/13 MP: 3/3
    52 | D:1      | Slain by a gnoll

Illustrated notes

Levels and vault maps discovered:
D:1:      psy_arrival_terrarium, layout_basic

Action                   || total
-------------------------++-------
Melee: Mace              ||     4
 Cast: Necrotise         ||     3
Armor: Robe              ||     1
Dodge: Dodged            ||     5
Block: Other             ||     5

Table legend: (Time is in decaauts)
 A = Elapsed time spent in this place.
 B = Non-inter-level travel time spent in this place.
 C = Inter-level travel time spent in this place.
 D = Time resting spent in this place.
 E = Time spent auto-exploring this place.
 F = Levels seen in this place.
 G = Mean time per level.
                   A        B        C        D        E       F      G
               +--------+--------+--------+--------+--------+-----+--------+
         Total |     52 |     52 |      0 |      0 |     21 |   1 |   52.0 |
       Dungeon |     52 |     52 |      0 |      0 |     21 |   1 |   52.0 |
               +--------+--------+--------+--------+--------+-----+--------+

Top non-repeatable levels by time:
     D:1: 52 daAuts
